 Dungeon Crawl Stone Soup version 0.30-a0-782-ge64f9170bb (webtiles) character file.

Game seed: 10588253536042085772

4502 112233 the Thaumaturge (level 10, -10/94 HPs)
             Began as an Octopode Conjurer on Mar 1, 2023.
             Was a Believer of Sif Muna.
             Mangled by a death yak (20 damage)
             ... on level 8 of the Dungeon.
             The game lasted 00:13:23 (11708 turns).

112233 the Thaumaturge (Octopode Conjurer)         Turns: 11708, Time: 00:13:23

Health: -10/94     AC: 25    Str: 18    XL:     10   Next: 38%
Magic:  5/22       EV:  2    Int: 26    God:    Sif Muna [**....]
Gold:   390        SH:  5    Dex: 10    Spells: 11/26 levels left

rFire   . . .      SeeInvis .    s - +2 rapier (speed)
rCold   . . .      Faith    .    f - +0 buckler
rNeg    . . .      Spirit   .    (helmet currently unavailable)
rPois   +          Reflect  .    (no amulet)
rElec   .          Harm     .    e - +5 ring of evasion
rCorr   .          Rampage  .    j - +6 ring of strength
Will    .....      NoTele   +    n - +6 ring of strength
Stlth   ++                       (no ring)
HPRegen 0.35/turn                (no ring)
MPRegen 0.18/turn                (no ring)
                                 (no ring)
                                 (no ring)

@: tree-form
A: stationary, stasis, torment immunity, boosted hp, almost no armour,
(amphibious), 8 rings, (camouflage 1), (gelatinous body 1), (nimble swimmer 1),
(tentacles)
a: Renounce Religion, Channel Magic


You were on level 8 of the Dungeon.
You worshipped Sif Muna.
Sif Muna was pleased with you.
You were a tree.
You visited 1 branch of the dungeon, and saw 9 of its levels.

You collected 390 gold pieces.

Inventory:

Hand Weapons
 o - a +0 short sword of venom
 s - a +2 rapier of speed (weapon)
Missiles
 d - 15 poisoned darts
 g - 3 silver javelins
 i - 2 datura-tipped darts
Armour
 f - a +0 buckler (worn)
Jewellery
 e - a +5 ring of evasion (left branch)
 j - a +6 ring of strength (right branch)
 n - a +6 ring of strength (on tentacle)
Wands
 b - a wand of mindburst (29)
 p - a wand of digging (8)
 C - a wand of polymorph (2)
Scrolls
 c - a scroll of enchant armour {unknown}
 h - a scroll of enchant weapon
 l - a scroll of blinking {unknown}
 m - 6 scrolls of magic mapping {unknown}
 q - a scroll of fog {unknown}
 t - a scroll of noise {unknown}
 v - 3 scrolls of identify
 w - a scroll of immolation {unknown}
 y - a scroll of vulnerability {unknown}
 E - a scroll of fear
 F - 2 scrolls of teleportation
 G - a scroll of butterflies {unknown}
Potions
 a - a potion of magic
 k - 3 potions of lignification
 r - a potion of cancellation {unknown}
 u - a potion of flight {unknown}
 x - 2 potions of brilliance {unknown}
 z - a potion of mutation {unknown}
 A - a potion of curing
 B - a potion of heal wounds {unknown}
 D - 2 potions of berserk rage {unknown}


   Skills:
 + Level 3.2 Fighting
 + Level 6.7 Dodging
 - Level 3.4 Stealth
 - Level 5.0 Shields
 * Level 8.6 Spellcasting
 * Level 8.4 Conjurations


You had 11 spell levels left.
You knew the following spells:

 Your Spells              Type           Power      Damage    Failure   Level
a - Magic Dart            Conj           100%       1d8       1%          1
b - Searing Ray           Conj           100%       2d8       1%          2
c - Iskenderun's Battles  Conj           53%        2d10      6%          5
d - Iskenderun's Mystic   Conj/Tloc      33%        2d8       12%         4
e - Apportation           Tloc           22%        N/A       7%          1
f - Blink                 Tloc           22%        N/A       11%         2

Your spell library contained the following spells:

 Spells                   Type           Power      Damage    Failure   Level
 Momentum Strike          Conj/Tloc      66%        3d9       1%          2
 Dazzling Flash           Conj/Hex       66%        N/A       3%          3
 Necrotise                Necr           44%        1d6       7%          1
 Summon Small Mammal      Summ           44%        N/A       7%          1
 Lesser Beckoning         Tloc           22%        N/A       11%         2
 Fulminant Prism          Conj/Hex       16%        3d10      12%         4
 Vampiric Draining        Necr           11%        2d6       21%         3
 Fireball                 Conj/Fire      16%        3d8       32%         5
 Anguish                  Hex/Necr       5%         N/A       56%         4
 Orb of Destruction       Conj           26%        9d9       87%         7
 Conjure Ball Lightning   Conj/Air       16%        3x3d6     88%         6
 Starburst                Conj/Fire      16%        6d6       88%         6
 Enfeeble                 Hex            5%         N/A       100%        7
 Storm Form               Tmut/Air       5%         N/A       100%        7
 Necromutation            Tmut/Necr      5%         N/A       100%        8


Dungeon Overview and Level Annotations

Branches:
Dungeon (9/15)             Temple (0/1) D:4
   Lair: D:8-11         Orc: D:9-12

Altars:
Ashenzari
Dithmenos
Nemelex Xobeh
Okawaru
Qazlal
Sif Muna
Vehumet
Yredelemnul
The Shining One

Annotations:
D:3 exclusion: downstairs
D:5 exclusion: downstairs
D:6 exclusion: upstairs


Innate Abilities, Weirdness & Mutations

You are a tree.
Your roots penetrate the ground, keeping you stationary.
You cannot be teleported.
You are immune to unholy pain and torment.
Your maximum health is greatly increased.
You cannot wear most types of armour.
((You are amphibious.))
You can wear up to eight rings at the same time.
((Your skin changes colour to match your surroundings (Stealth+).))
((Your rubbery body absorbs attacks. (AC +1, EV +1)))
((You are camouflaged when in or above water. (Stealth+)))
((You have tentacles for arms and can constrict up to eight enemies at once.))


Message History

The searing ray hits the death yak!
The death yak is heavily wounded.
The searing ray hits the hell rat but does no damage.
Your battlesphere fires!
The barrage of energy hits the rat!
You kill the rat!
Sif Muna accepts your kill.
Your battlesphere expends the last of its energy and dissipates.
Unknown command.
The death yak attacks as you move away!
The death yak gores you but does no damage.
A river rat comes into view.
There is a stone staircase leading up here.
The death yak gores you.
You climb upwards.
There is a stone staircase leading down here.
Unknown command.
The death yak attacks as you move away! The death yak gores you!!
Casting: Searing Ray (safe; 1% risk of failure)
Confirm with . or Enter, or press ? or * to list all spells.
You conjure a globe of magical energy.
The death yak misses you. The death yak gores you!
Casting: Iskenderun's Battlesphere (dangerous; 6% risk of failure)
Confirm with . or Enter, or press ? or * to list all spells.
You erupt in a blast of force!
The mystic blast hits the death yak but does no damage.
The death yak is moderately wounded.
Your battlesphere fires!
The barrage of energy hits the death yak!
The death yak is heavily wounded.
You block the death yak's attack. The death yak gores you!!
* * * LOW HITPOINT WARNING * * *
Unknown command.
Unknown command.
Okay, then.
Really quaff the potion of lignification?
You turn into a tree.
Your roots penetrate the ground.
The death yak gores you!!
You die...

### ###.## #.....
#.#### #.# #.#
#############.#
####<.*..........#
#..Y♣........########
#.#..................
###.#.######.....######
#..........###...#
#..........# ##..##
#..........# #...##
#..........#####...####
#.....†....##.........^
#..........##.......##.


You could see a death yak (ally target) and a friendly battlesphere.

Vanquished Creatures
  Pikel (D:5)
  Grinder (D:4)
  A hornet (D:8)
  Sigmund (D:3)
  Eustachio (D:6)
  2 wyverns
  2 steam dragons (D:6)
  Edmund (D:4)
  Menkaure (D:5)
  An orc warrior (D:7)
  2 sky beasts
  3 ice beasts
  A black bear (D:5)
  2 ogres
  A centaur (D:6)
  3 phantoms
  2 lemures (D:4)
  A kobold brigand (D:7)
  Blork the orc (D:4)
  A bullfrog (D:8)
  2 necrophages
  7 wights
  2 howler monkeys
  3 hounds
  2 orc priests (D:8)
  A gnoll bouda (D:4)
  Ijyb (D:5)
  Terence (D:2)
  3 iguanas
  An orc wizard (D:8)
  Robin (D:3)
  10 gnolls
  13 adders
  A shadow imp (D:7)
  A white imp (D:6)
  3 worms
  A dart slug (D:1)
  10 orcs
  3 ball pythons
  6 bats
  5 endoplasms
  A giant cockroach (D:1)
  15 goblins
  8 hobgoblins
  7 jackals
  9 kobolds
  8 quokkas
  8 frilled lizards
  6 rats
168 creatures vanquished.

Notes
Turn   | Place    | Note
-------+----------+-------------------------------------------
     0 | D:1      | 112233 the Octopode Conjurer began the quest for the Orb.
     0 | D:1      | Reached XP level 1. HP: 11/11 MP: 3/3
   215 | D:1      | Reached XP level 2. HP: 17/17 MP: 1/5
   873 | D:2      | Reached XP level 3. HP: 21/21 MP: 3/6
  1100 | D:2      | Noticed Terence
  1447 | D:3      | Found a shimmering blue altar of Sif Muna.
  1503 | D:3      | Became a worshipper of Sif Muna the Loreminder
  1510 | D:3      | Noticed Sigmund
  1534 | D:4      | Found a staircase to the Ecumenical Temple.
  1545 | D:4      | Noticed a necrophage
  1589 | D:4      | Reached XP level 4. HP: 20/27 MP: 0/8
  1791 | D:5      | Entered Level 5 of the Dungeon
  1854 | D:5      | Reached skill level 1 in Shields
  1904 | D:5      | Learned a level 2 spell: Searing Ray
  2001 | D:5      | Noticed Menkaure
  2134 | D:4      | Noticed a lemure
  2135 | D:4      | Noticed an ogre
  2136 | D:4      | Noticed Pikel
  2137 | D:4      | Noticed a lemure
  2138 | D:4      | Noticed a lemure
  2149 | D:4      | Reached XP level 5. HP: 25/31 MP: 3/9
  2150 | D:4      | Killed an ogre
  2256 | D:5      | Reached XP level 6. HP: 36/36 MP: 6/11
  2411 | D:6      | Noticed a wyvern
  2425 | D:6      | Killed a wyvern
  2426 | D:6      | Reached skill level 5 in Conjurations
  2630 | D:6      | Noticed Eustachio
  2682 | D:6      | Noticed a steam dragon
  3519 | D:2      | Reached XP level 7. HP: 41/41 MP: 10/13
  3549 | D:2      | Reached * piety under Sif Muna
  3843 | D:2      | Killed Terence
  4037 | D:3      | Learned a level 5 spell: Iskenderun's Battlesphere
  4042 | D:3      | Learned a level 4 spell: Iskenderun's Mystic Blast
  4313 | D:3      | Killed Sigmund
  4955 | D:3      | Noticed Robin
  4959 | D:3      | Killed Robin
  5340 | D:4      | Noticed Grinder
  5411 | D:4      | Reached skill level 5 in Spellcasting
  5481 | D:5      | Killed Menkaure
  5482 | D:5      | Reached XP level 8. HP: 33/46 MP: 8/15
  5628 | D:5      | Got the Essays on the Changing Mausoleum
  5633 | D:5      | Learned a level 1 spell: Apportation
  6142 | D:5      | Killed Pikel
  6143 | D:5      | Reached skill level 5 in Dodging
  6301 | D:5      | Noticed Ijyb
  6315 | D:5      | Reached XP level 9. HP: 51/51 MP: 10/18
  6361 | D:5      | Killed Ijyb
  6450 | D:5      | Found a stormy altar of Qazlal.
  6480 | D:5      | Found a basalt altar of Yredelemnul.
  6548 | D:5      | Found an iron altar of Okawaru.
  6619 | D:4      | Noticed Blork the orc
  6633 | D:4      | Killed Blork the orc
  6719 | D:4      | Killed Grinder
  6786 | D:4      | Noticed Edmund
  6907 | D:4      | Reached ** piety under Sif Muna
  7135 | D:4      | Killed Edmund
  7136 | D:4      | Reached skill level 5 in Shields
  7420 | D:4      | Found a sparkling altar of Nemelex Xobeh.
  7420 | D:4      | Found a radiant altar of Vehumet.
  7428 | D:4      | Found a faded altar of an unknown god.
  7430 | D:4      | Found a faded altar of an unknown god.
  7432 | D:4      | Found a shadowy altar of Dithmenos.
  7930 | D:6      | Killed Eustachio
  7931 | D:6      | Reached skill level 1 in Fighting
  8187 | D:6      | Found a glowing golden altar of the Shining One.
  9465 | D:7      | Learned a level 2 spell: Blink
  9610 | D:6      | Reached XP level 10. HP: 61/61 MP: 12/22
 11641 | D:9      | Found a broken altar of Ashenzari.
 11692 | D:9      | Noticed a death yak
 11698 | D:9      | Noticed a death yak
 11708 | D:8      | Mangled by a death yak

Illustrated notes

Levels and vault maps discovered:
D:1:      dpeg_arrival_arbitrary_c, layout_rooms
D:2:      minmay_chambers_of_ones, layout_loops_ring, serial_bayou_lagoon_b,
          uniq_terence
D:3:      layout_basic, mainiacjoe_overflow_24_doors,
          kennysheep_generic_room_12, uniq_sigmund, uniq_robin
D:4:      layout_basic, chequers_temple_overflow_minitemple,
          minmay_temple_entry_drinking_statues, uniq_blork_the_orc, uniq_edmund,
          uniq_pikel, uniq_grinder
D:5:      layout_layer_cave, okawaru_metal_pillars_1_2, kennysheep_mini_moat,
          nicolae_qazlal_style_of_elements, uniq_menkaure, uniq_ijyb
D:6:      layout_basic, lemuel_tele_altar, uniq_eustachio
D:7:      layout_loops_ring
D:8:      layout_basic
D:9:      layout_grid_maze, mainiacjoe_overflow_catwalk,
          nicolae_ashenzari_panopticon, dpeg_lair_monsters, orc_0_dummy,
          enter_bailey_5, uniq_psyche, uniq_prince_ribbit1, uniq_gastronok

Skill      XL: |  1  2  3  4  5  6  7  8  9 10 |
---------------+-------------------------------+-----
Stealth        | 3 |  3.4
Shields        | 1 2 3 4 5 |  5.0
Spellcasting   | 3 4 5 6 8 |  8.6
Dodging        | 3 4 5 6 |  6.7
Conjurations   | 5 6 7 8 |  8.4
Fighting       | 2 3 |  3.2

Action                     |  1- 3 |  4- 6 |  7- 9 | 10-12 || total
---------------------------+-------+-------+-------+-------++-------
  Melee: Unarmed           |    12 |     2 |       |       ||    14
         Constrict         |     4 |     1 |     1 |       ||     6
         Tentacles         |     4 |       |     1 |       ||     5
         Rapier            |       |       |     3 |       ||     3
   Cast: Magic Dart        |    62 |    40 |   166 |    21 ||   289
         Searing Ray       |       |     7 |    45 |    15 ||    67
         Iskenderun's Batt |       |       |    14 |    15 ||    29
         Iskenderun's Myst |       |       |       |     2 ||     2
  Evoke: Wand              |       |       |     2 |       ||     2
    Use: Potion            |     3 |       |     4 |     2 ||     9
         Scroll            |       |     3 |     1 |       ||     4
 Armour: Skin              |     1 |     1 |     5 |     1 ||     8
  Dodge: Dodged            |    13 |    25 |    44 |    12 ||    94
  Block: Buckler           |       |       |       |     2 ||     2

Table legend: (Time is in decaauts)
 A = Elapsed time spent in this place.
 B = Non-inter-level travel time spent in this place.
 C = Inter-level travel time spent in this place.
 D = Time resting spent in this place.
 E = Time spent auto-exploring this place.
 F = Levels seen in this place.
 G = Mean time per level.
                   A        B        C        D        E       F      G
               +--------+--------+--------+--------+--------+-----+--------+
         Total |  11707 |  10685 |   1022 |   2844 |   6623 |   9 | 1300.8 |
       Dungeon |  11707 |  10685 |   1022 |   2844 |   6623 |   9 | 1300.8 |
               +--------+--------+--------+--------+--------+-----+--------+

Top non-repeatable levels by time:
     D:5: 2012 daAuts
     D:3: 1849 daAuts
     D:4: 1699 daAuts
     D:7: 1683 daAuts
     D:6: 1543 daAuts
     D:2: 1162 daAuts
     D:1: 915 daAuts
     D:8: 776 daAuts
     D:9: 64 daAuts
